 Dungeon Crawl Stone Soup version 0.31-a0-145-g046c7d2549 (webtiles) character file.

Game seed: 14331988835661393804

1495 mopl the Slasher (level 8, -2/44 HPs)
             Began as a Tengu Warper on June 5, 2023.
             Was a Priest of Okawaru.
             Slain by Prince Ribbit (15 damage)
             ... on level 4 of the Dungeon.
             The game lasted 00:07:43 (4865 turns).

mopl the Slasher (Tengu Warper)                     Turns: 4865, Time: 00:07:45

Health: -2/44      AC:  4    Str: 14    XL:     8   Next: 81%
Magic:  15/15      EV: 14    Int: 20    God:    Okawaru [***...]
Gold:   38         SH:  0    Dex: 13    Spells: 4/15 levels left

rFire   . . .        a - +5 long sword (freeze)
rCold   . . .        (no shield)
rNeg    . . .        p - +0 leather armour
rPois   .            (helmet restricted)
rElec   .            t - +0 cloak
rCorr   .            (no gloves)
SInv    .            (boots unavailable)
Will    .....        o - amulet of faith {!P}
Stlth   +            y - +6 ring of intelligence
HPRegen 0.27/turn    (no ring)
MPRegen 0.14/turn

%: faith
@: flying quickly and evasively, quick
A: beak, talons 3, nimble flight
a: Renounce Religion, Heroism


You were on level 4 of the Dungeon.
You worshipped Okawaru.
Okawaru was most pleased with you.
You visited 2 branches of the dungeon, and saw 6 of its levels.

You collected 280 gold pieces.
You spent 242 gold pieces at shops.

Inventory:

Hand Weapons
 a - a +5 long sword of freezing (weapon)
 b - a +1 dagger of venom
Missiles
 d - 7 boomerangs of dispersal (quivered)
Armour
 k - a +0 plate armour
 p - a +0 leather armour (worn)
 r - a +0 chain mail
 t - a +0 cloak (worn)
Jewellery
 f - an amulet of reflection
 o - an amulet of faith (around neck) {!P}
 y - a +6 ring of intelligence (left hand)
Wands
 w - a wand of digging (8)
Scrolls
 c - 2 scrolls of blinking
 e - a scroll of magic mapping {unknown}
 g - 2 scrolls of enchant weapon {unknown}
 h - 2 scrolls of amnesia {unknown}
 i - a scroll of immolation {unknown}
 j - 2 scrolls of fog {unknown}
 l - 5 scrolls of identify {unknown}
 m - 2 scrolls of teleportation {unknown}
 n - 2 scrolls of fear {unknown}
 z - a scroll of silence {unknown}
 A - a scroll of poison {unknown}
 C - 2 scrolls of enchant armour {unknown}
 D - a scroll of vulnerability {unknown}
Potions
 s - a potion of curing {unknown}
 u - 5 potions of heal wounds
 v - 2 potions of lignification {!q}
 x - 2 potions of invisibility {unknown}
 B - 3 potions of brilliance
 E - a potion of might {unknown}
 F - a potion of mutation {unknown}
 G - 2 potions of berserk rage {!q}
 H - a potion of ambrosia {unknown}


   Skills:
 + Level 2.2 Fighting
 * Level 6.5 Long Blades
 + Level 3.4 Throwing
 + Level 1.5 Armour
 + Level 2.4 Dodging
 + Level 4.1 Spellcasting
 * Level 5.3 Translocations
 - Level 3.0 Air Magic
 + Level 2.6 Invocations


You had 4 spell levels left.
You knew the following spells:

 Your Spells              Type           Power      Damage    Failure   Level
a - Vhi's Electric Charg  Tloc/Air       40%        N/A       9%          3
b - Lesser Beckoning      Tloc           50%        N/A       2%          2
c - Manifold Assault      Tloc           25%        N/A       17%         4
e - Blink                 Tloc           50%        N/A       2%          2

Your spell library contained the following spells:

 Spells                   Type           Power      Damage    Failure   Level
 Teleport Other           Tloc           25%        N/A       5%          3
 Beastly Appendage        Tmut           8%         N/A       16%         1
 Sandblast                Erth           8%         2d5       16%         1
 Passwall                 Tmut/Erth      3%         N/A       24%         2
 Wereblood                Tmut           4%         N/A       24%         2
 Spider Form              Tmut/Pois      4%         N/A       43%         3
 Stone Arrow              Conj/Erth      8%         3d7       43%         3


Dungeon Overview and Level Annotations

Branches:
Dungeon (5/15)             Temple (1/1) D:4

Altars:
Ashenzari
Dithmenos
Elyvilon
Fedhas
Hepliaklqana
Makhleb
Nemelex Xobeh
Okawaru
Qazlal
Sif Muna
Trog
Uskayaw
Vehumet
Wu Jian
Xom
Zin
The Shining One

Shops:
D:2 (   D:5 !

Annotations:
D:4 1 transporter, Ge0ff's ghost, amateur OpDe; Prince Ribbit
D:5 2 runed translucent doors


Innate Abilities, Weirdness & Mutations

You have a beak for a mouth.
You have claws for feet.
Your magical nature lets you fly swiftly and evasively.


Message History

You kill the orc wizard!
Okawaru accepts your kill.
No target in view!
No target in view!
H - a ruby potion
j - 2 scrolls labelled SAEV FUHOTO (gained 1)
Found an escape hatch in the floor.
Prince Ribbit comes into view.
Prince Ribbit moves out of view.
Prince Ribbit croaks.
You throw a poisoned dart. The poisoned dart misses Prince Ribbit.
You throw a poisoned dart. The poisoned dart hits Prince Ribbit.
Prince Ribbit is poisoned.
You throw a poisoned dart. The poisoned dart hits Prince Ribbit.
Prince Ribbit looks even sicker.
A white imp comes into view.
Prince Ribbit winks and puckers his lips.
Found a long sword.
Prince Ribbit blinks!
There is an escape hatch in the ceiling here.
The white imp shouts, "Leave, thou ducking tip-merry joithead!"
You hit Prince Ribbit. You freeze Prince Ribbit.
Your peck misses Prince Ribbit.
Prince Ribbit is lightly wounded.
Prince Ribbit hits you! Prince Ribbit hits you.
Prince Ribbit hits you but does no damage.
A mysterious force pulls you upwards. The hatch slams shut behind you.
Level annotation: 1 transporter, Ge0ff's ghost, amateur OpDe You miss Prince Ribbit.
Prince Ribbit is lightly wounded.
Prince Ribbit looks more healthy.
Prince Ribbit lets out a mournful croak.
Prince Ribbit misses you.
Prince Ribbit hits you but does no damage.
You slash Prince Ribbit! You freeze Prince Ribbit.
Your kick misses Prince Ribbit.
Prince Ribbit is heavily wounded.
Prince Ribbit hits you!
* * * LOW HITPOINT WARNING * * *
Prince Ribbit hits you!
You die...

..###.....#<.##...##)>#.#
..###.....####.....####.#
#..##....#..##.....## #.##
.#.##...............# #..##
#..##..#.....##[##..####..#######
..##.....#.......................
..##.....##..............©.......
.#..#..............#############.
#....#.........F@..#!Z....WWW..#.
......#............#...........#.
..##...##.....>.#..#..##...##..#.
#########..........#..#8...8#..#.
.#..##.............#.W##...##..#.
.##..#.............# #.
.##..#.#........#..# .. #.
###.#..............# ... #.
.##.#.#.#..........# ##..Z## #.


You could see Prince Ribbit.

Vanquished Creatures
  Pikel (D:4)
  Pargi (D:3)
  2 ogres
  2 scorpions
  3 wights (D:5)
  A howler monkey (D:5)
  An orc priest (D:5)
  A gnoll bouda (D:4)
  3 hounds
  A jelly (D:4)
  Crazy Yiuf (D:2)
  Jessica (D:2)
  3 orc wizards
  An iguana (D:5)
  4 gnolls
  6 adders
  2 dart slugs
  8 orcs
  4 endoplasms
  6 giant cockroaches
  2 goblins
  11 hobgoblins
  10 jackals
  7 kobolds
  3 quokkas
  5 ball pythons
  8 bats
  A frilled lizard (D:3)
  5 rats
104 creatures vanquished.

Notes
Turn   | Place    | Note
-------+----------+-------------------------------------------
     0 | D:1      | mopl the Tengu Warper began the quest for the Orb.
     0 | D:1      | Reached XP level 1. HP: 12/12 MP: 4/4
    53 | D:1      | Reached XP level 2. HP: 14/17 MP: 6/6
    89 | D:1      | Learned a level 2 spell: Blink
    92 | D:1      | Learned a level 2 spell: Lesser Beckoning
   618 | D:2      | Found a sparkling altar of Nemelex Xobeh.
   641 | D:2      | Reached XP level 3. HP: 20/21 MP: 7/7
   655 | D:2      | Reached skill level 3 in Long Blades
   680 | D:2      | Found Fuuj's Weapon Shop.
   755 | D:2      | Noticed Jessica
   768 | D:2      | Killed Jessica
   769 | D:2      | Reached skill level 3 in Translocations
   769 | D:2      | Reached XP level 4. HP: 16/26 MP: 8/8
   926 | D:2      | Found a faded altar of an unknown god.
  1059 | D:2      | Found a runed translucent door.
  1060 | D:2      | Noticed Crazy Yiuf
  1271 | D:2      | Killed Crazy Yiuf
  1600 | D:3      | You fall into a shaft and drop 1 floor!
  1640 | D:4      | Found a staircase to the Ecumenical Temple.
  1648 | D:4      | Gained mutation: Your magical nature lets you fly swiftly
                  | and evasively. [Tengu growth]
  1648 | D:4      | Reached XP level 5. HP: 29/30 MP: 8/10
  1652 | Temple   | Entered the Ecumenical Temple
  1680 | Temple   | Became a worshipper of Warmaster Okawaru
  1699 | D:4      | Found a hide-covered altar of Uskayaw.
  1724 | D:4      | Reached skill level 4 in Long Blades
  1837 | D:3      | Learned a level 3 spell: Vhi's Electric Charge
  2416 | D:3      | Noticed Pargi
  2429 | D:3      | Killed Pargi
  2430 | D:3      | Reached skill level 3 in Spellcasting
  2430 | D:3      | Reached skill level 1 in Air Magic
  2430 | D:3      | Reached XP level 6. HP: 12/35 MP: 11/11
  2718 | D:4      | Found a transporter.
  2718 | D:4      | Noticed Ge0ff's ghost (amateur OpDe)
  2789 | D:4      | Reached skill level 1 in Invocations
  2964 | D:4      | Reached * piety under Okawaru
  2965 | D:4      | Reached skill level 4 in Translocations
  3238 | D:4      | Reached skill level 2 in Throwing
  3238 | D:4      | Reached XP level 7. HP: 31/40 MP: 12/12
  3336 | D:4      | Reached skill level 5 in Long Blades
  3342 | D:4      | Reached skill level 2 in Air Magic
  3483 | D:4      | Found a shimmering altar of Xom.
  3589 | D:4      | Learned a level 4 spell: Manifold Assault
  3609 | D:5      | Entered Level 5 of the Dungeon
  3609 | D:5      | Noticed Pikel
  3621 | D:4      | HP: 2/40 [lemure[Pikel] (2)]
  3630 | D:4      | Killed Pikel
  3630 | D:4      | Reached ** piety under Okawaru
  3630 | D:4      | Reached *** piety under Okawaru
  3631 | D:4      | Reached skill level 3 in Air Magic
  3631 | D:4      | Reached skill level 2 in Invocations
  3631 | D:4      | Reached XP level 8. HP: 5/44 MP: 12/14
  3892 | D:5      | Found a runed translucent door.
  3952 | D:5      | Reached skill level 6 in Long Blades
  3952 | D:5      | Reached skill level 3 in Throwing
  4101 | D:5      | Reached skill level 5 in Translocations
  4252 | D:5      | Found Kibenyz's Distillery.
  4485 | D:5      | Reached skill level 4 in Spellcasting
  4787 | D:5      | Found a runed translucent door.
  4799 | D:5      | Bought a potion of heal wounds for 55 gold pieces
  4799 | D:5      | Bought a potion of lignification for 33 gold pieces
  4799 | D:5      | Bought 2 potions of berserk rage for 110 gold pieces
  4799 | D:5      | Bought a potion of brilliance for 44 gold pieces
  4847 | D:5      | Noticed Prince Ribbit
  4865 | D:4      | Slain by Prince Ribbit

Illustrated notes

Levels and vault maps discovered:
D:1:      scummos_arrival_simple_fountains, layout_loops_ring,
          chequers_decorated_corner
D:2:      layout_rooms, basic_altar, hellmonk_ecumenical_altar_zigzags,
          serial_shops, nicolae_shop_bloodbath_and_beyond,
          uniq_crazy_yiuf_cottage, uniq_jessica
D:3:      layout_loops_corners, uniq_pargi
D:4:      layout_cave_pools, mainiacjoe_overflow_alcove_1, lemuel_round_altar,
          minmay_temple_entry_sparse_star, gammafunk_ghost_mausoleum,
          hangedman_decor_slide_cut, corexii_shack, hangedman_decor_push,
          nicolae_concentric_dashed_squares_mild, grunt_ministairs_6,
          minmay_joined_circles
D:5:      layout_rooms, serial_corexii_hall, corexii_hall_statues_l,
          corexii_hall_statues_l, ebering_ghost_sewer_f, serial_shops,
          nicolae_diamond_shop, uniq_pikel, uniq_prince_ribbit1
Temple:   nicolae_temple_bog_church

Skill      XL: |  1  2  3  4  5  6  7  8 |
---------------+-------------------------+-----
Long Blades    | 3 4 5 6 |  6.5
Translocations | 3 4 5 |  5.3
Spellcasting   | 3 4 |  4.1
Air Magic      | 1 3 |  3.0
Invocations    | 1 2 |  2.6
Throwing       | 2 3 |  3.4
Fighting       | |  2.2
Armour         | |  1.5
Dodging        | |  2.4

Action                     |  1- 3 |  4- 6 |  7- 9 || total
---------------------------+-------+-------+-------++-------
  Melee: Falchion          |    61 |    79 |    33 ||   173
         Kick              |    15 |    27 |    28 ||    70
         Peck              |     7 |    15 |    17 ||    39
         Dagger            |       |    53 |    44 ||    97
         Punch             |       |     1 |     3 ||     4
         Long sword        |       |       |    39 ||    39
  Throw: Dart              |     4 |     6 |     6 ||    16
 Invoke: Heroism           |       |       |     3 ||     3
   Stab: Sleeping          |     1 |       |     1 ||     2
 Armour: Leather armour    |     9 |    25 |    16 ||    50
  Dodge: Dodged            |    38 |    80 |    79 ||   197
  Block: Other             |    11 |       |       ||    11

Table legend: (Time is in decaauts)
 A = Elapsed time spent in this place.
 B = Non-inter-level travel time spent in this place.
 C = Inter-level travel time spent in this place.
 D = Time resting spent in this place.
 E = Time spent auto-exploring this place.
 F = Levels seen in this place.
 G = Mean time per level.
                   A        B        C        D        E       F      G
               +--------+--------+--------+--------+--------+-----+--------+
         Total |   4712 |   4514 |    198 |   1376 |   2240 |   6 |  785.3 |
       Dungeon |   4672 |   4488 |    184 |   1376 |   2234 |   5 |  934.4 |
        Temple |     39 |     26 |     13 |      0 |      5 |   1 |   39.0 |
               +--------+--------+--------+--------+--------+-----+--------+

Top non-repeatable levels by time:
     D:4: 1620 daAuts
     D:3: 960 daAuts
     D:2: 816 daAuts
     D:5: 650 daAuts
     D:1: 624 daAuts
  Temple: 39 daAuts
